 Dungeon Crawl Stone Soup version 0.18.1-50-g88ac8fd (webtiles) character file.

1372 magog001 the Slinger (level 8, -7/52 HPs)
             Began as a Halfling Hunter on Sept 22, 2017.
             Killed by divine providence
             ... invoked by an orc priest
              (9 damage)
             ... on level 5 of the Dungeon.
             The game lasted 00:38:23 (5943 turns).

magog001 the Slinger (Halfling Hunter)              Turns: 5943, Time: 00:38:25

Health: -7/52      AC: 14    Str: 12    XL:     8   Next: 98%
Magic:  8/8        EV: 15    Int: 10    God:
Gold:   220        SH:  0    Dex: 17    Spells: 0 memorised, 7 levels left

rFire  . . .     SeeInvis .     d - +1 dagger (protect)
rCold  . . .     Gourm    .     y - +0 ring mail
rNeg   . . .     Faith    .     (shield restricted)
rPois  .         Spirit   .     q - +0 helmet
rElec  .         Dismiss  .     b - +0 cloak
rCorr  .         Reflect  .     w - +1 pair of gloves
SustAt .         Harm     .     (no boots)
MR     .....                    (no amulet)
Stlth  +.........               (no ring)
                                (no ring)

@: not resistant to hostile enchantments, very unstealthy
A: mutation resistance 1
a: no special abilities


You were on level 5 of the Dungeon.
You were not hungry.

You visited 1 branch of the dungeon, and saw 5 of its levels.
You also visited: Ossuary.

You collected 220 gold pieces.

Inventory:

Hand Weapons
 a - a +2 hunting sling
 d - a +1 dagger of protection (weapon)
 l - a +2 dagger of venom
 m - a +1 dagger of chaos
Missiles
 h - 133 stones (quivered)
Armour
 b - a +0 cloak (worn)
 q - a +0 helmet (worn)
 w - a +1 pair of gloves (worn)
 y - a +0 ring mail (worn)
Jewellery
 n - an uncursed ring of poison resistance {unknown}
Wands
 t - a wand of slowing (23/48)
Scrolls
 c - 3 scrolls of identify
 e - 2 scrolls of teleportation
 g - a scroll of fog
 i - a scroll of enchant armour
Potions
 j - a potion of berserk rage {unknown}
 k - a potion of lignification
 o - a potion of might
Comestibles
 f - a bread ration
 r - 2 chunks of flesh
 s - 6 fruits


   Skills:
 * Level 3.1 Fighting
 * Level 4.0 Short Blades
 * Level 13.0 Slings
 - Level 0.2 Armour
 * Level 4.4 Dodging
 - Level 1.1 Stealth


You had 7 spell levels left.
You didn't know any spells.

Dungeon Overview and Level Annotations

Branches:
Dungeon (5/15)
 Temple: D:4-7

Altars:
Gozag
Kikubaaqudgha
Xom


Innate Abilities, Weirdness & Mutations

You are small and have problems with some larger weapons.
You are somewhat resistant to further mutation.


Message History

The orc priest mumbles some strange prayers to Beogh against you.
Beogh smites you!
* * * LOW HITPOINT WARNING * * *
The orc hits you but does no damage.
You hit the orc priest.
The orc priest is lightly wounded.
The orc priest mumbles some strange prayers to Beogh against you.
Pain shoots through your body!
* * * LOW HITPOINT WARNING * * *
You hit the orc priest.
The orc priest is heavily wounded.
The orc hits you but does no damage. The orc priest misses you.
You hit the orc priest but do no damage.
The orc priest is heavily wounded.
The orc barely misses you.
You closely miss the orc priest.
The orc priest is heavily wounded.
The orc priest calls down the wrath of Beogh upon you.
Beogh smites you!
You die...

# #.##<####.####
#.#.##.# #.#
#....#.####.###
#.............#
........#.####.#.#
#..#.#...... #.#.#####
#..#.#..####.#.#......
## #.........#oo{.....
...#.# #...@#..###.
#.##.# ##.#.#..# #. ..
...#.# .# ### #.# .#
#.# . ... ## #.. ###


You could see an orc priest and an orc.

Vanquished Creatures
  Pikel (D:4)
  Menkaure (D:5)
  A slave (D:4)
  2 elf zombies (Ossuary)
  A centaur zombie (Ossuary)
  4 crimson imps (D:4)
  A hound (D:4)
  An orc priest (D:4)
  2 orc wizards (D:4)
  Crazy Yiuf (D:3)
  2 worker ants (D:4)
  A big kobold zombie (Ossuary)
  2 hound zombies (Ossuary)
  3 mummies (Ossuary)
  3 gnolls (D:4)
  10 adders
  An ooze (D:3)
  An adder zombie (Ossuary)
  A worm (D:2)
  A dart slug (D:4)
  A giant gecko (D:2)
  6 orcs
  6 bats
  4 giant cockroaches
  2 gnoll zombies (Ossuary)
  6 goblins
  9 hobgoblins
  3 quokkas
  4 giant newts
  8 goblin zombies (Ossuary)
  3 hobgoblin zombies (Ossuary)
  2 jackal zombies (Ossuary)
  10 kobolds
  4 kobold zombies (Ossuary)
  4 orc zombies (Ossuary)
  A quokka skeleton (D:4)
  5 quokka zombies (Ossuary)
  11 rats
  3 rat zombies (Ossuary)
132 creatures vanquished.

Notes
Turn   | Place    | Note
--------------------------------------------------------------
     0 | D:1      | magog001 the Halfling Hunter began the quest for the Orb.
     0 | D:1      | Reached XP level 1. HP: 14/14 MP: 1/1
    52 | D:1      | Reached skill level 6 in Slings
   146 | D:1      | Reached XP level 2. HP: 19/19 MP: 2/2
   461 | D:1      | You fall through a shaft!
   906 | D:1      | Reached XP level 3. HP: 24/24 MP: 3/3
  1168 | D:2      | Reached skill level 7 in Slings
  1621 | D:2      | Reached XP level 4. HP: 19/29 MP: 4/4
  2021 | D:2      | Found an ancient bone altar of Kikubaaqudgha.
  2486 | D:3      | Reached skill level 8 in Slings
  2736 | D:3      | Reached XP level 5. HP: 34/34 MP: 5/5
  3388 | D:3      | Found an opulent altar of Gozag.
  3442 | D:3      | Noticed Crazy Yiuf
  3460 | D:3      | Killed Crazy Yiuf
  3460 | D:3      | Reached skill level 9 in Slings
  3956 | D:4      | Found a sand-covered staircase.
  3960 | Ossuary  | Entered an ossuary
  4037 | Ossuary  | Reached XP level 6. HP: 39/39 MP: 6/6
  4503 | Ossuary  | Reached skill level 1 in Short Blades
  4606 | Ossuary  | Reached skill level 10 in Slings
  4809 | Ossuary  | Reached XP level 7. HP: 45/45 MP: 7/7
  5163 | D:4      | Found a shimmering altar of Xom.
  5281 | D:4      | Reached skill level 11 in Slings
  5435 | D:4      | Reached XP level 8. HP: 48/51 MP: 8/8
  5712 | D:4      | Noticed Pikel
  5763 | D:4      | Killed Pikel
  5763 | D:4      | Reached skill level 12 in Slings
  5837 | D:5      | Entered Level 5 of the Dungeon
  5840 | D:5      | Noticed Menkaure
  5859 | D:5      | Killed Menkaure
  5859 | D:5      | Reached skill level 13 in Slings
  5940 | D:5      | HP: 2/52 [orc priest/nerve-wracking pain (11)]
  5943 | D:5      | Killed from afar by an orc priest

Skill      XL: |  1  2  3  4  5  6  7  8 |
---------------+-------------------------+-----
Slings         | 6 7 8 9 10 11 13 | 13.0
Fighting       | 2 3 |  3.1
Dodging        | 3 4 |  4.4
Short Blades   | 1 3 4 |  4.0
Armour         | |  0.2
Stealth        | |  1.1

Action                   |  1- 3 |  4- 6 |  7- 9 || total
-------------------------+-------+-------+-------++-------
Melee: Dagger            |       |   131 |    73 ||   204
 Fire: Hunting sling     |    74 |   248 |   168 ||   490
  Use: Scroll            |       |    10 |     1 ||    11
       Potion            |       |     5 |     2 ||     7
  Eat: Chunk             |     2 |     5 |     1 ||     8
       Fruit             |       |     1 |       ||     1
       Pizza             |       |     1 |       ||     1
       Meat ration       |       |     1 |       ||     1
Armor: Robe              |     2 |     6 |       ||     8
       Ring mail         |       |    80 |    27 ||   107
       Skin              |       |       |     4 ||     4
Dodge: Dodged            |    12 |   142 |    60 ||   214
